 Dungeon Crawl Stone Soup version 0.31-a0-881-ge136f0c47a (webtiles) character file.

Game seed: 14858101167219805992

60790 scionoferis the Severer (level 14, 0/148 HPs)
             Began as a Minotaur Chaos Knight on Oct 15, 2023.
             Was a Plaything of Xom.
             Slain by a 16-headed hydra (5 damage)
             ... on level 4 of the Lair of Beasts.
             The game lasted 01:01:03 (17763 turns).

scionoferis the Severer (Minotaur Chaos Knight)    Turns: 17763, Time: 01:01:04

Health: 0/148      AC: 19    Str: 17    XL:     14   Next: 58%
Magic:  0/13       EV: 13    Int: 16    God:    Xom [.*....]
Gold:   365        SH:  6    Dex: 13    Spells: 13/13 levels left

rFire   . . .        b - +2 war axe (heavy)
rCold   + + .        D - +0 buckler
rNeg    . . .        L - +0 scale mail of Sin {Fly Regen+ Int+3}
rPois   +            r - +0 hat
rElec   .            U - scarf {rC+ rF+}
rCorr   +            u - +2 pair of gloves
SInv    +            j - +0 pair of boots
Will    ++...        l - amulet of guardian spirit Stlth
                     Y - ring of Bopta {rPois Will+ rCorr SInv}
HPRegen 1.24/turn    G - +4 ring of protection
MPRegen 0.13/turn

%: guardian spirit
@: flying
A: horns 2, retaliatory headbutt, talons 1, iridescent scales 1, clever 1, cold
resistance 1, robust 1, screaming 1, heat vulnerability 1, inability to read
after injury 1
a: Renounce Religion


You were on level 4 of the Lair of Beasts.
You worshipped Xom.
You were a plaything of Xom.
You visited 2 branches of the dungeon, and saw 16 of its levels.
You also visited: Sewer.

You collected 1372 gold pieces.
You spent 1007 gold pieces at shops.


Innate Abilities, Weirdness & Mutations

You have a pair of horns on your head.
You reflexively headbutt those who attack you in melee.
You have sharp toenails.
You are partially covered in iridescent scales. (AC +2)
Your mind is acute. (Int +4, Str/Dex -1)
Your flesh is cold resistant. (rC+)
You are robust. (+10% HP)
You occasionally shout uncontrollably at your foes.
You are vulnerable to heat. (rF-)
You occasionally lose the ability to read scrolls when taking damage.


   Skills:
 + Level 15.2 Fighting
 - Level 16.0 Axes
 - Level 10.0 Armour
 + Level 10.3 Dodging
 + Level 10.4 Shields
 + Level 10.8 Evocations


You had 13 spell levels left.
You didn't know any spells.
Your spell library contained the following spells:

 Spells                   Type           Power      Damage    Failure   Level
 Magic Dart               Conj           0%         1d3       63%         1
 Sting                    Tmut/Pois      0%         1d3       63%         1
 Call Imp                 Summ           0%         N/A       77%         2
 Cigotuvi's Dreadful Rot  Necr/Pois/Air  0%         N/A       77%         2
 Ensorcelled Hibernation  Hex/Ice        0%         N/A       77%         2
 Passwall                 Tmut/Erth      0%         N/A       77%         2
 Poisonous Vapours        Pois/Air       0%         N/A       77%         2
 Wereblood                Tmut           0%         N/A       77%         2
 Inner Flame              Hex/Fire       0%         N/A       94%         3
 Mephitic Cloud           Conj/Pois/Air  0%         N/A       94%         3
 Swiftness                Air            0%         N/A       94%         3
 Dispel Undead            Necr           0%         3d6       100%        4
 Olgreb's Toxic Radiance  Pois           0%         N/A       100%        4
 Irradiate                Conj/Tmut      0%         3d11      100%        5
 Yara's Violent Unravell  Hex/Tmut       0%         3d3       100%        5
 Death Channel            Necr           0%         N/A       100%        6
 Simulacrum               Ice/Necr       0%         N/A       100%        6
 Enfeeble                 Hex            0%         N/A       100%        7
 Ozocubu's Refrigeration  Ice            0%         4d7       100%        7
 Polar Vortex             Ice            0%         N/A       100%        9

Inventory:

Hand Weapons
 a - a +0 hand axe of chaos
 b - a +2 heavy war axe (weapon)
   (You took it off an orc on level 10 of the Dungeon)
Missiles
 c - 6 darts of dispersal
 e - 22 poisoned darts (quivered)
 k - 7 javelins
 F - 8 boomerangs
 T - 2 throwing nets
Armour
 g - a +2 leather armour of cold resistance
   (You found it on level 11 of the Dungeon)
 j - a +0 pair of boots (worn)
   (You found it on level 1 of the Dungeon)
 r - a +0 hat (worn)
   (You found it on level 2 of the Dungeon)
 u - a +2 pair of gloves (worn)
   (You found it on level 8 of the Dungeon)
 D - a +0 buckler (worn)
   (You found it on level 4 of the Dungeon)
 L - the +0 scale mail of Sin (worn) {Fly Regen+ Int+3}
   (You found it on level 11 of the Dungeon)

   Int+3:     It affects your intelligence (+3).
   Fly:       It grants you flight.
   Regen+:    It increases your rate of health regeneration.
 O - a +0 ring mail of positive energy
   (You found it on level 8 of the Dungeon)
 U - a scarf of resistance (worn)
   (You bought it in a shop on level 1 of the Dungeon)
Jewellery
 l - an amulet of guardian spirit (around neck)
   (You found it on level 2 of the Lair of Beasts)
 n - a ring of positive energy
   (You found it on level 2 of the Dungeon)
 x - a ring of protection from fire
   (You found it on level 3 of the Dungeon)
 G - a +4 ring of protection (right hand)
   (You found it on level 6 of the Dungeon)
 K - a ring of flight
   (You bought it in a shop on level 1 of the Dungeon)
 Q - a +4 ring of slaying
   (You found it on level 8 of the Dungeon)
 Y - the ring of Bopta (left hand) {rPois Will+ rCorr SInv}
   (You found it on level 8 of the Dungeon)

   [ring of see invisible]

   rPois:     It protects you from poison Will+: It increases your willpower.
   SInv:      It lets you see invisible.
   rCorr:     It protects you from acid and corrosion.
Wands
 y - a wand of iceblast (18)
   (You took it off Ijyb on level 3 of the Dungeon)
 J - a wand of paralysis (6)
   (You found it on level 6 of the Dungeon)
 N - a wand of digging (5)
   (You found it on level 8 of the Dungeon)
 S - a wand of polymorph (7)
   (You found it on level 9 of the Dungeon)
Scrolls
 o - 4 scrolls of blinking
 v - 7 scrolls of teleportation
 A - 2 scrolls of immolation
 E - 2 scrolls of acquirement
 H - a scroll of revelation {unknown}
 I - 5 scrolls of fear
 P - 2 scrolls of fog
 R - 2 scrolls of enchant weapon
Potions
 d - 2 potions of enlightenment
 f - 2 potions of magic {unknown}
 h - 3 potions of cancellation {unknown}
 i - 8 potions of curing
 m - 2 potions of degeneration {unknown}
 p - 3 potions of might {unknown}
 q - 7 potions of heal wounds
 t - 3 potions of berserk rage {unknown}
 z - 2 potions of haste {unknown}
 C - 5 potions of resistance
 M - a potion of mutation {unknown}
 V - a potion of lignification
Miscellaneous
 s - a phial of floods
   (You found it on level 11 of the Dungeon)
 w - a lightning rod (4/4)
   (You found it on level 11 of the Dungeon)
 B - a phantom mirror
   (You found it on level 1 of the Lair of Beasts)
 X - a box of beasts
   (You found it on level 8 of the Dungeon)

Dungeon Overview and Level Annotations

Branches:
Dungeon (12/15)            Temple (0/1) D:7            Lair (4/5) D:8
 Shoals (0/4) Lair:3       Spider (0/4) Lair:3          Orc (0/2) D:11
  Sewer (visited)
  Slime: Lair:4-5

Altars:
Ashenzari
Cheibriados
Dithmenos
Gozag
Kikubaaqudgha
Makhleb
Nemelex Xobeh
Qazlal
Ru
Sif Muna
Trog
Wu Jian
Xom
Zin

Shops:
D:1 *   D:5 ( D:10

* ..#. #.. . ... ## .## ...
.###.# .... #.# .#.8.
...... #.# #....
.......##D### # #8.<.
.......#.@..##.###.###....
#..#..#..................
####.#..##............###'#
................... ##.†..
.................. ##†††8.
.................. ##....†.
...............)..##††8..<.
P................#.........
###.###.........##....†..8.


You could see a 16-headed hydra (poisoned).


Message History

You headbutt the black mamba. You hit the black mamba.
You feel better.
You kill the black mamba!
That felt strangely unrewarding.
No target in view!
You see here a black mamba corpse.
You now have 356 gold pieces (gained 15).
A bullfrog comes into view.
The bullfrog gives a loud, deep croak! "This might be better!"
The bullfrog evaporates and reforms as a naga!
You are now a toy of Xom.
You block the naga's attack. The naga grabs you. The naga constricts you.
You hit the naga. Lightning courses through the naga!
The naga is moderately wounded.
The naga spits poison at you. The splash of poison hits you. You resist.
The naga constricts you.
You hit the naga but do no damage.
The naga is moderately wounded.
You slash the naga! You freeze the naga.
The naga is severely wounded.
The naga misses you. The naga constricts you.
You hit the naga. Your headbutt misses the naga.
The naga is severely wounded.
The naga hits you but does no damage. The naga constricts you.
You hit the naga.
The naga goes berserk!
The naga is almost dead.
The naga hits you but does no damage. The naga constricts you.
You hit the naga but do no damage. Your headbutt misses the naga.
The naga is almost dead.
You closely miss the naga.
The naga is almost dead.
The naga hits you! The naga constricts you.
You closely miss the naga.
The naga is severely wounded.
You block the naga's attack. The naga constricts you.
You hit the naga. You headbutt the naga.
The naga is almost dead.
You block the naga's attack. The naga constricts you.
You slash the naga!
You kill the naga!
You reach down and open the door.
There is an open door here.
There is an open door, spattered with blood here.
You are caught in the web!
There is a web here.
You disentangle yourself.
You pick your way through the web.
There is a web here.
Done exploring.
Search for what [Enter for "armour", or ? for help]? lair Unknown command.
Unknown command.
Welcome back, scionoferis the Minotaur Chaos Knight.
Xom says: I'm watching you, my misbegotten child.
Press ? for a list of commands and other information.
Unknown command.
Done exploring.
There is an empty arch of ancient stone here.
There is a stone staircase leading down here.
You fly downwards.
The yak bellows! x5; The black mamba hisses angrily.
The blink frog gives a loud, deep croak! x2
The blink frog croaks.
There is a stone staircase leading up here.
The yak closely misses you.
You hit the yak but do no damage. x2
You hit the yak. You headbutt the yak.
The yak is moderately wounded.
You hit the yak but do no damage.
The yak is poisoned.
The yak gores you but does no damage. You block the yak's attack.
Aim the phial where?
Press: ? - help, Shift-Dir - straight line, f - blink frog
Aim: a blink frog The torrent of water hits the yak!!
The yak is almost dead.
The yak is engulfed in water.
The wave splashes down.
The yak is engulfed in water. x3; The black mamba is engulfed in water.
You hear a croak.
You hear an angry hiss.
You hear a trumpeting!
You hear a loud, deep croak!
You hear a trumpeting!
You hear a croak.
You hear a loud, deep croak!
You hear a bellow!
You hear a trumpeting! x2
You hear a loud, deep croak!
You hear a roar!
You hear a bellow! x2
You hear a trumpeting!
You hear a bellow!
You hear an angry hiss.
You hear a howl! x2; You hear a croak.
The blink frog blinks!
You block the yak's attack. The yak gores you but does no damage.
The yak gores you.
You hit the yak.
Space warps around the yak.
You kill the yak!
You hit the yak but do no damage. You hit the yak.
The yak seems to speed up.
Unknown command.
You barely miss the yak. Your headbutt misses the yak.
The yak is lightly wounded.
You barely miss the black mamba. You barely miss the yak. The yak misses you.
You furiously retaliate!
You headbutt the yak.
The black mamba splashes around in the water.
Unknown command.
You slash the yak! Your headbutt misses the yak.
The yak is moderately wounded.
You hit the yak. You burn the yak. You closely miss the black mamba.
The yak barely misses you. You furiously retaliate!
You headbutt the yak! You block the black mamba's attack.
Unknown command.
You hit the yak but do no damage.
The yak seems to speed up.
You headbutt the yak, but do no damage.
The yak is moderately wounded.
You barely miss the black mamba. You barely miss the blink frog.
You hit the yak but do no damage.
The yak is poisoned.
The yak gores you. The yak gores you but does no damage.
The black mamba bites you but does no damage.
A water moccasin comes into view.
The blink frog blinks!
The blink frog misses you.
You hit the yak. You headbutt the yak.
The yak is heavily wounded.
You hit the blink frog.
You feel better.
You hit the yak.
Nothing appears to happen.
You closely miss the black mamba. The yak barely misses you.
The black mamba splashes around in the water.
The yak closely misses you. You furiously retaliate!
You headbutt the yak! The blink frog closely misses you.
You hit the yak.
You kill the yak!
You closely miss the black mamba. You hit the yak.
The yak easily resists.
You hit the blink frog.
The blink frog appears confused.
The black mamba bites you but does no damage.
The yak closely misses you. You furiously retaliate!
You headbutt the yak.
Unknown command.
You hit the yak but do no damage. You headbutt the yak!
You kill the yak!
You hit the yak.
The yak seems to grow stronger.
You hit the black mamba but do no damage.
You slash the blink frog! You freeze the blink frog.
The black mamba splashes around in the water.
The blink frog blinks!
Your lightning rod (2/4) has regained one charge.
You completely miss the black mamba. Your headbutt misses the black mamba.
You barely miss the yak. You barely miss the bullfrog.
The black mamba closely misses you. You furiously retaliate!
You headbutt the black mamba.
The bullfrog hits you but does no damage.
You block the yak's attack. The black mamba completely misses you.
Unknown command.
You hit the black mamba.
The black mamba is moderately wounded.
You barely miss the yak. You barely miss the bullfrog.
You hit the yak but do no damage. "Go forth and destroy!"
You feel very mighty all of a sudden. The bullfrog misses you.
The black mamba barely misses you. The yak gores you!!
You closely miss the black mamba.
The black mamba is moderately wounded.
You slash the bullfrog!
The bullfrog suddenly seems more agile.
You hit the yak. You slash the yak! You freeze the yak.
You block the bullfrog's attack. The yak barely misses you.
You furiously retaliate!
You headbutt the yak!
The black mamba splashes around in the water.
You hit the black mamba but do no damage.
The black mamba is moderately wounded.
You hit the bullfrog. You burn the bullfrog. You slash the yak!
The yak is poisoned.
You barely miss the yak. The bullfrog closely misses you.
You furiously retaliate!
You headbutt the bullfrog. The black mamba barely misses you.
You furiously retaliate!
You headbutt the black mamba!
The blink frog blinks!
The yak gores you! You block the yak's attack.
You hit the black mamba.
The black mamba is moving more slowly.
You headbutt the black mamba.
The black mamba is almost dead.
You barely miss the bullfrog.
You slash the yak! x2; You burn the yak.
The black mamba barely misses you.
The bullfrog hits you but does no damage.
Unknown command.
You slash the black mamba! You burn the black mamba.
You kill the black mamba!
You hit the yak but do no damage. You drain the yak. You miss the bullfrog.
You slash the yak!
You feel better. The yak completely misses you. You furiously retaliate!
You headbutt the yak!
You kill the yak!
The bullfrog hits you but does no damage.
The yak gores you!
The water moccasin bites you but does no damage.
You miss the water moccasin. You headbutt the water moccasin!
The water moccasin is severely wounded.
You slash the bullfrog! You burn the bullfrog.
You kill the bullfrog!
You hit the yak. You freeze the yak.
You kill the yak!
You hit the yak. You freeze the yak. You closely miss the water moccasin.
The water moccasin is severely wounded.
You hit the yak. You closely miss the blink frog. You slash the blink frog!
The blink frog is poisoned.
The blink frog hits you.
The blink frog blinks!
The water moccasin barely misses you.
The blink frog misses the blink frog.
The blink frog blinks!
The yak completely misses you.
Unknown command.
You slash the water moccasin!
The water moccasin seems to slow down.
You freeze the water moccasin.
You kill the water moccasin!
You hit the yak.
The yak appears confused.
The yak misses you. You furiously retaliate!
You headbutt the yak!!
Unknown command.
You catch the helpless yak completely off-guard!
You hit the yak. You burn the yak. You headbutt the yak.
You kill the yak!
Xom thinks this is hilarious!
The blink frog hits itself!
The blink frog blinks!
You see here a yak corpse.
The blink frog closely misses you. You furiously retaliate!
You headbutt the blink frog. The blink frog hits you.
The blink frog blinks!
The blink frog misses you. You furiously retaliate!
You headbutt the blink frog! You miss the blink frog.
The blink frog is moderately wounded.
The blink frog barely misses you. You furiously retaliate!
You headbutt the blink frog! You slash the blink frog!
You kill the blink frog!
The blink frog seems less confused.
The blink frog hits you but does no damage.
You slash the blink frog!
The blink frog is almost dead.
The blink frog closely misses you. You furiously retaliate!
You headbutt the blink frog!
You kill the blink frog!
You barely miss the blink frog. Your headbutt misses the blink frog.
The blink frog is heavily wounded.
The blink frog hits you but does no damage.
You hit the blink frog. You burn the blink frog.
The blink frog is severely wounded.
The blink frog blinks!
The blink frog hits you.
You hit the blink frog. You drain the blink frog.
You kill the blink frog!
Things that are here:
a blink frog corpse; a yak corpse You reach down and open the door.
Found an escape hatch in the ceiling.
There is an open door here.
A bullfrog comes into view.
There is an open door here.
A blink frog comes into view.
Okay, then.
Unknown command.
You slash the bullfrog! You headbutt the bullfrog!
The bullfrog is severely wounded.
The bullfrog hits you but does no damage.
A blink frog comes into view.
The blink frog gives a loud, deep croak!
You slash the bullfrog!
You kill the bullfrog!
You hear a croak.
A blink frog comes into view.
Things that are here:
a bullfrog corpse; a blink frog corpse; a yak corpse The blink frog misses you.
You furiously retaliate!
You headbutt the blink frog! You slash the blink frog!
The blink frog is poisoned.
The blink frog is severely wounded.
The blink frog blinks!
You slash the blink frog!
The blink frog seems to slow down.
You freeze the blink frog. Your headbutt misses the blink frog.
The blink frog is moderately wounded.
The blink frog misses you.
You slash the blink frog! Your headbutt misses the blink frog.
The blink frog is heavily wounded.
The blink frog hits you!
You miss the blink frog. Your headbutt misses the blink frog.
The blink frog is heavily wounded.
You slash the blink frog! The blink frog misses you.
You barely miss the blink frog.
The blink frog is heavily wounded.
You closely miss the blink frog. The blink frog closely misses you.
The blink frog hits you but does no damage.
You miss the blink frog.
The blink frog is heavily wounded.
You slash the blink frog!
The blink frog looks as sick as possible!
The blink frog hits you!
You slash the blink frog! You burn the blink frog. You headbutt the blink frog.
You kill the blink frog!
You hit the blink frog.
The blink frog looks as sick as possible!
You hit the blink frog. The blink frog closely misses you.
The blink frog barely misses you. You furiously retaliate!
You headbutt the blink frog!
You kill the blink frog!
You barely miss the blink frog. You headbutt the blink frog!
You kill the blink frog!
No target in view!
An elephant comes into view.
Found a dagger.
The elephant completely misses you. You furiously retaliate!
You headbutt the elephant!
The elephant trunk-slaps you but does no damage.
You slash the elephant!
The elephant is moderately wounded.
An elephant comes into view.
The elephant closely misses you. You furiously retaliate!
You headbutt the elephant!
The elephant trunk-slaps you but does no damage.
A blink frog comes into view.
The blink frog croaks.
You hit the elephant. You headbutt the elephant!!
The elephant is severely wounded.
The elephant tramples you.
You hold your ground!
The elephant trunk-slaps you but does no damage.
You slash the elephant!
Space warps around the elephant.
You kill the elephant!
Xom does a drum roll.
You hear a trumpeting! x7; You hear a bellow!
You hear a croak.
Your lightning rod (3/4) has regained one charge.
The blink frog blinks!
You hit the elephant. You burn the elephant.
The elephant is lightly wounded.
An elephant comes into view.
The elephant tramples you but does no damage.
The elephant trunk-slaps you but does no damage.
You slash the elephant! You burn the elephant. You headbutt the elephant!
The elephant is heavily wounded.
You feel a little less mighty now.
You hit the elephant. You freeze the elephant.
The elephant is heavily wounded.
You block the elephant's attack. The elephant trunk-slaps you.
You slash the elephant! You freeze the elephant.
Your headbutt misses the elephant.
The elephant is severely wounded.
The blink frog blinks!
The elephant tramples you but does no damage.
You block the elephant's attack.
You slash the elephant!
The elephant goes berserk!
You headbutt the elephant, but do no damage.
The elephant is almost dead.
Xom smiles on you.
You feel clever all of a sudden. The elephant closely misses you.
The elephant barely misses you.
You slash the elephant! You freeze the elephant.
You kill the elephant!
Training target 10.0 for Armour reached!
Your Armour skill increases to level 10!
You barely miss the elephant. The elephant barely misses you.
You furiously retaliate!
You headbutt the elephant!
The elephant trunk-slaps you but does no damage.
You completely miss the elephant.
You headbutt the elephant, but do no damage.
The elephant is lightly wounded.
You hit the elephant. You burn the elephant.
The elephant is moderately wounded.
The elephant tramples you.
You hold your ground!
The elephant trunk-slaps you but does no damage.
You hit the elephant but do no damage.
You headbutt the elephant, but do no damage.
The elephant is moderately wounded.
The elephant tramples you!
You hold your ground!
The elephant trunk-slaps you.
You hit the elephant. You drain the elephant.
The elephant is moderately wounded.
You hit the elephant. You drain the elephant. You headbutt the elephant.
The elephant is heavily wounded.
The elephant closely misses you. The elephant misses you.
You hit the elephant.
The elephant is heavily wounded.
You hit the blink frog.
The blink frog resists with almost no effort.
The elephant blinks!
The blink frog hits you! The blink frog hits you.
You closely miss the blink frog. You headbutt the blink frog.
The blink frog is lightly wounded.
The blink frog hits you but does no damage.
You miss the blink frog. You headbutt the blink frog!
The blink frog is moderately wounded.
The blink frog misses you.
You closely miss the blink frog. Your headbutt misses the blink frog.
The blink frog is moderately wounded.
The blink frog barely misses you.
You slash the blink frog!
The blink frog goes berserk!
You headbutt the blink frog!
The blink frog is severely wounded.
The blink frog hits you!!
You hit the elephant but do no damage. Lightning courses through the elephant!
The elephant is heavily wounded.
You miss the blink frog. The blink frog misses you. You furiously retaliate!
You headbutt the blink frog!
You kill the blink frog!
The elephant tramples you but does no damage.
You block the elephant's attack.
You hit the elephant but do no damage.
The elephant seems to speed up.
The elephant is heavily wounded.
You hit the elephant but do no damage.
The elephant is poisoned.
The elephant is heavily wounded.
The elephant tramples you.
You are shoved backwards!
You slash the elephant! You burn the elephant.
You headbutt the elephant, but do no damage.
The elephant is severely wounded.
You block the elephant's attack. The elephant barely misses you.
You hit the elephant but do no damage.
The elephant resists with almost no effort.
You headbutt the elephant!
The elephant is almost dead.
The elephant tramples you but does no damage.
The elephant trunk-slaps you but does no damage.
You block the elephant's attack.
The elephant trunk-slaps you but does no damage.
You slash the elephant! You burn the elephant.
You kill the elephant!
Training target 10.0 for Shields reached!
Your Shields skill increases to level 10!
An elephant comes into view.
The elephant trumpets!
You hear a trumpeting! x3
An elephant comes into view.
You yell at the elephant!
You hear a trumpeting! "Boo!"
You hear a trumpeting!
You hear a bellow!
You hear a loud, deep croak!
You hear a bellow!
You hear a roar!
You hear a howl!
You hear a bellow!
You hear a howl! x3
You hit the elephant but do no damage.
The elephant goes berserk!
You block the elephant's attack. x2
You slash the elephant!
The elephant seems to speed up.
You headbutt the elephant.
The elephant is lightly wounded.
You block the elephant's attack. x2
You hit the elephant.
The elephant is lightly wounded.
A skyshark comes into view.
The elephant closely misses you. You furiously retaliate!
You headbutt the elephant. The elephant closely misses you.
You slash the elephant! You freeze the elephant.
The elephant is moderately wounded.
The elephant tramples you!
You are shoved backwards!
Found a scroll of noise.
You barely miss the elephant.
The elephant is moderately wounded.
The elephant tramples you!
You are shoved backwards!
b - a +2 heavy war axe (weapon)
The elephant misses you. The elephant closely misses you.
You slice the elephant!!
The elephant is severely wounded.
You block the elephant's attack. The elephant trunk-slaps you.
An elephant comes into view.
You closely miss the skyshark. Your headbutt misses the skyshark.
You slash the elephant! The elephant tramples you!!
You hold your ground!
The elephant barely misses you. The skyshark barely misses you.
The skyshark tail-slaps you but does no damage.
The skyshark barely misses you. The elephant tramples you!
You are shoved backwards!
You carve the skyshark like a ham!!!
You headbutt the skyshark, but do no damage.
The skyshark is heavily wounded.
You slice the elephant!!
You hear a trumpeting! x2
The skyshark closely misses you. The skyshark tail-slaps you.
The skyshark barely misses you.
The elephant tramples you but does no damage.
The elephant barely misses you.
You hit the skyshark but do no damage. Your headbutt misses the skyshark.
The skyshark is heavily wounded.
You slash the elephant!
You kill the elephant!
The skyshark bites you but does no damage.
You block the skyshark's attack. The skyshark tail-slaps you.
* * * LOW HITPOINT WARNING * * *
An elephant comes into view.
The elephant trumpets!
You slash the skyshark! You headbutt the skyshark!
The skyshark is severely wounded.
You slice the elephant!!
The skyshark bites you but does no damage.
The skyshark misses you.
The skyshark tail-slaps you but does no damage.
The elephant barely misses you.
The elephant trunk-slaps you but does no damage.
You chop the skyshark into pieces!!!
You kill the skyshark!
You hit the elephant but do no damage. You slice the elephant!!
The elephant tramples you but does no damage.
The elephant misses you. The elephant barely misses you.
You block the elephant's attack.
An elephant comes into view.
You hit the elephant but do no damage. Your headbutt misses the elephant.
The elephant is moderately wounded.
You barely miss the elephant.
The elephant tramples you but does no damage.
The elephant trunk-slaps you but does no damage.
The elephant tramples you!
* * * LOW HITPOINT WARNING * * *
You are shoved backwards!
You hit the elephant.
The elephant is heavily wounded. "Go forth and cause havoc, mortal!"
A red film seems to cover your vision as you go berserk!
You feel yourself moving faster!
You feel mighty!
The elephant tramples you but does no damage.
The elephant closely misses you.
An elephant comes into view.
You slash the elephant! You headbutt the elephant!
The elephant is severely wounded.
You slash the elephant! The elephant tramples you!
* * * LOW HITPOINT WARNING * * *
You are shoved backwards!
You slice the elephant!! You headbutt the elephant.
You kill the elephant!
You barely miss the elephant.
Xom guffaws.
You begin to radiate toxic energy.
The elephant is poisoned. x4
You are now a plaything of Xom.
You slice the elephant!!
The elephant is almost dead.
The elephant looks even sicker.
An elephant comes into view.
The elephant tramples you.
* * * LOW HITPOINT WARNING * * *
You hold your ground!
The elephant barely misses you.
The elephant trumpets!
You cut the elephant into ribbons!!!
You kill the elephant!
The elephant looks even sicker. x3; The elephant is poisoned.
The elephant looks even sicker.
Your toxic aura wanes.
You slice the elephant!!
The elephant is heavily wounded.
The elephant tramples you but does no damage.
The elephant trunk-slaps you but does no damage.
You slice the elephant!!
You kill the elephant!
Your lightning rod (4/4) has regained one charge.
You slice the elephant!! You headbutt the elephant!
The elephant is heavily wounded.
You slice the elephant!! You headbutt the elephant!
You kill the elephant!
You hit the elephant. You headbutt the elephant!
The elephant is moderately wounded.
The elephant tramples you.
* * * LOW HITPOINT WARNING * * *
You hold your ground!
The elephant trunk-slaps you but does no damage.
You slice the elephant!! You headbutt the elephant!
You kill the elephant!
You feel a strong urge to attack something.
You are no longer berserk.
You are exhausted.
You feel yourself slow down.
There is a stone staircase leading up, spattered with blood here.
You fly upwards.
There is a stone staircase leading down here.
Unknown command.
You start resting.
You feel a little less clever now.
You start resting.
Magic restored.
You start resting.
You feel yourself speed up.
You fly downwards.
There is a stone staircase leading up, spattered with blood here.
You recover from your berserk rage.
Magic restored.
HP restored.
A water moccasin comes into view.
The water moccasin moves out of view.
The water moccasin hisses angrily.
Found a stone staircase leading down.
You closely miss the water moccasin.
Your headbutt misses the water moccasin.
You block the water moccasin's attack.
You slash the water moccasin!
Your headbutt misses the water moccasin.
The water moccasin is heavily wounded.
The water moccasin closely misses you. x2; You furiously retaliate!
You headbutt the water moccasin.
A catoblepas comes into view.
You slash the water moccasin!
You kill the water moccasin!
Found a jewelled leather armour.
The catoblepas closely misses you.
You slash the catoblepas!
The catoblepas is moderately wounded.
The catoblepas gores you.
You slash the catoblepas!
The catoblepas is heavily wounded.
The catoblepas gores you!!
You hit the catoblepas. You headbutt the catoblepas!
The catoblepas is severely wounded.
The catoblepas gores you but does no damage.
You hit the catoblepas. You headbutt the catoblepas.
The catoblepas is almost dead.
The catoblepas gores you but does no damage.
You hit the catoblepas but do no damage.
The catoblepas is almost dead.
The catoblepas gores you!
You slice the catoblepas!!
You kill the catoblepas!
Your +0 hand axe of chaos is briefly surrounded by a scintillating aura of random colours.
a - a +0 hand axe of chaos (weapon)
A water moccasin comes into view.
You see here the +0 leather armour "Inugheus" {Harm Int+3 Dex+3 Slay+2}.
The water moccasin hisses angrily.
You block the water moccasin's attack.
You slash the water moccasin!
Lightning courses through the water moccasin!
The water moccasin is severely wounded.
You hit the water moccasin.
Space warps around the water moccasin.
You kill the water moccasin!
Found a scale mail.
Found a stone staircase leading up.
A cane toad comes into view.
Found 9 gold pieces.
The cane toad croaks.
Xom makes a sudden noise!
You hear a splashing noise.
You hear an angry hiss. x2; You hear a howl! x4; You hear an angry hiss.
You hear a loud, deep croak!
You hear a bellow! x3
There is a stone staircase leading up here.
A black mamba comes into view.
You barely miss the cane toad. Your headbutt misses the cane toad.
You closely miss the cane toad. You headbutt the cane toad.
The cane toad is lightly wounded.
You block the cane toad's attack.
You slash the cane toad!
The cane toad resists with some effort.
The cane toad is moderately wounded.
The cane toad stings you but does no damage.
The black mamba bites you.
You hit the cane toad. Your headbutt misses the cane toad.
The cane toad is heavily wounded.
You hit the black mamba but do no damage.
The black mamba bites you but does no damage.
The cane toad barely misses you.
You hit the cane toad.
You feel better.
The cane toad is heavily wounded.
You hit the black mamba. The black mamba barely misses you.
You slash the cane toad!
You headbutt the cane toad, but do no damage.
The cane toad is severely wounded.
You hit the black mamba. The cane toad closely misses you.
You furiously retaliate!
You headbutt the cane toad! You block the black mamba's attack.
You hit the cane toad but do no damage.
The cane toad is almost dead.
You closely miss the black mamba.
The black mamba bites you but does no damage.
You block the cane toad's attack.
You hit the cane toad but do no damage.
The cane toad is almost dead.
You slash the black mamba! The black mamba bites you!
You hit the cane toad. You burn the cane toad.
You kill the cane toad!
You slash the black mamba! The black mamba bites you!
You hit the black mamba.
Space warps around the black mamba.
Your headbutt misses the black mamba.
The black mamba is severely wounded.
The black mamba misses you.
You hit the black mamba. Your headbutt misses the black mamba.
The black mamba is severely wounded.
You block the black mamba's attack.
You closely miss the black mamba.
The black mamba is severely wounded.
The black mamba bites you but does no damage.
You hit the black mamba but do no damage.
You headbutt the black mamba.
The black mamba is almost dead.
The black mamba barely misses you. You block the black mamba's attack.
You closely miss the black mamba.
The black mamba is almost dead.
The black mamba barely misses you.
You closely miss the black mamba. You headbutt the black mamba.
You kill the black mamba!
A komodo dragon comes into view.
The komodo dragon hisses angrily.
You hit the komodo dragon.
You feel better.
The komodo dragon is lightly wounded.
You hit the komodo dragon.
The komodo dragon is poisoned.
The komodo dragon is lightly wounded.
You block the komodo dragon's attack.
You hit the komodo dragon but do no damage.
The komodo dragon looks even sicker.
The komodo dragon is lightly wounded.
You hit the komodo dragon.
The komodo dragon seems to grow stronger.
The komodo dragon is lightly wounded.
The komodo dragon closely misses you.
You barely miss the komodo dragon. You headbutt the komodo dragon.
The komodo dragon is lightly wounded.
The komodo dragon bites you.
You hit the komodo dragon. Your headbutt misses the komodo dragon.
The komodo dragon is moderately wounded.
You barely miss the komodo dragon.
The komodo dragon is moderately wounded.
The komodo dragon closely misses you.
You closely miss the komodo dragon.
The komodo dragon is moderately wounded.
The komodo dragon closely misses you.
You slash the komodo dragon!
The komodo dragon looks as sick as possible!
You headbutt the komodo dragon, but do no damage.
The komodo dragon is heavily wounded.
You hit the komodo dragon but do no damage.
Space warps horribly around the komodo dragon.
The komodo dragon is severely wounded.
The komodo dragon closely misses you. You furiously retaliate!
You headbutt the komodo dragon. You barely miss the komodo dragon.
You headbutt the komodo dragon!
The komodo dragon is almost dead.
You kill the komodo dragon!
No target in view!
Found a war axe.
You now have 365 gold pieces (gained 9).
Found a falchion.
You see here a +0 falchion.
You see here a +0 falchion.
Found a robe.
i - 8 potions of curing (gained 1)
Found a stone staircase leading up.
Found a hand axe.
There is a stone staircase leading up here.
A komodo dragon comes into view.
The komodo dragon hisses angrily.
No target in view!
You slash the komodo dragon!
The komodo dragon is poisoned.
Your headbutt misses the komodo dragon.
The komodo dragon is lightly wounded.
You hit the komodo dragon but do no damage.
You headbutt the komodo dragon, but do no damage.
The komodo dragon is lightly wounded.
The komodo dragon bites you!
You feel threatened and lose the ability to read scrolls!
You hit the komodo dragon but do no damage.
The komodo dragon appears confused.
The komodo dragon is lightly wounded.
You hit the komodo dragon but do no damage.
The komodo dragon is moderately wounded.
The komodo dragon bites you but does no damage.
You hit the komodo dragon.
The komodo dragon seems to slow down.
You freeze the komodo dragon. You headbutt the komodo dragon!
The komodo dragon is heavily wounded.
You slash the komodo dragon!
The komodo dragon appears confused.
The komodo dragon is severely wounded.
The komodo dragon closely misses you.
You hit the komodo dragon but do no damage.
The komodo dragon seems to grow stronger.
The komodo dragon is severely wounded.
You catch the helpless komodo dragon completely off-guard!
You slash the komodo dragon!
The komodo dragon is almost dead.
You hit the komodo dragon.
You kill the komodo dragon!
You hear a faint sloshing from your phial of floods as it returns to readiness.
Unknown command.
You can read scrolls again.
y - a wand of iceblast (18) (gained 4 charges)
A wolf comes into view.
The wolf howls!
You hear a howl! x2
A wolf comes into view. x2
You closely miss the wolf.
The wolf howls!
The wolf barely misses you.
A wolf comes into view.
The wolf howls!
You slash the wolf! You freeze the wolf. Your headbutt misses the wolf.
The wolf is heavily wounded.
You block the wolf's attack.
A wolf comes into view.
The wolf misses you.
The wolf howls!
You slash the wolf!
The wolf is almost dead.
The wolf bites you but does no damage.
You slash the wolf! You burn the wolf.
You kill the wolf!
The wolf barely misses you. The wolf closely misses you.
You furiously retaliate!
You headbutt the wolf. You barely miss the wolf.
The wolf is lightly wounded.
You barely miss the wolf. You hit the wolf but do no damage.
The wolf is poisoned.
The wolf barely misses you. You furiously retaliate!
You headbutt the wolf! The wolf closely misses you. You furiously retaliate!
You headbutt the wolf. You miss the wolf.
The wolf is heavily wounded.
You closely miss the wolf. You slash the wolf! You freeze the wolf.
The wolf bites you but does no damage. The wolf closely misses you.
The wolf bites you but does no damage.
You hit the wolf.
The wolf is severely wounded.
You hit the wolf. You hit the wolf but do no damage. You hit the wolf.
The wolf misses you. The wolf barely misses you. You furiously retaliate!
You headbutt the wolf. The wolf bites you.
The wolf bites you but does no damage.
You hit the wolf but do no damage. Your headbutt misses the wolf.
The wolf is heavily wounded.
You miss the wolf.
You hit the wolf. x2; The wolf seems to grow stronger.
The wolf bites you but does no damage. The wolf bites you.
The wolf closely misses you. You furiously retaliate!
You headbutt the wolf! You block the wolf's attack. The wolf bites you.
You hit the wolf.
You kill the wolf!
You hit the wolf but do no damage. Lightning courses through the wolf!!
You kill the wolf!
You closely miss the wolf. You miss the wolf. You block the wolf's attack.
The wolf bites you but does no damage.
You hit the wolf but do no damage. Your headbutt misses the wolf.
The wolf is moderately wounded.
You hit the wolf. The wolf bites you. The wolf bites you!
You hit the wolf.
The wolf is poisoned.
You headbutt the wolf!
The wolf is severely wounded.
You hit the wolf. You freeze the wolf. The wolf bites you but does no damage.
The wolf closely misses you. You furiously retaliate!
You headbutt the wolf. You hit the wolf.
You feel better.
You kill the wolf!
You miss the wolf. You block the wolf's attack.
You hit the wolf.
The wolf is severely wounded.
The wolf bites you but does no damage.
You hit the wolf.
The wolf is almost dead.
The wolf bites you!
You hit the wolf but do no damage.
The wolf is poisoned.
You headbutt the wolf.
You kill the wolf!
You see here a wolf corpse. "Fight to survive, mortal."
You slash the white imp! You burn the white imp.
You kill the white imp!
The white imp disappears in a puff of smoke!
Found a stone staircase leading down.
A bullfrog comes into view.
The bullfrog hits you.
You hit the bullfrog.
The bullfrog is poisoned.
You headbutt the bullfrog!
The bullfrog is severely wounded.
You hit the plant.
The plant begins to die.
The plant is poisoned.
You block the bullfrog's attack.
You barely miss the bullfrog.
You headbutt the bullfrog, but do no damage.
The bullfrog is heavily wounded.
You hit the plant but do no damage. The bullfrog misses you.
You furiously retaliate!
You headbutt the bullfrog! You hit the bullfrog but do no damage.
The bullfrog is almost dead.
You hit the plant but do no damage.
The plant suddenly seems more resistant.
You kill the bullfrog!
No target in view!
A nearby plant withers and dies.
You pick up a book of Burglary and begin reading...
You add the spells Passwall, Ensorcelled Hibernation and Swiftness to your library.
A five-headed hydra comes into view.
The five-headed hydra roars!
You chop one of the five-headed hydra's heads off!
The four-headed hydra grows two more!
You slash the six-headed hydra! You freeze the six-headed hydra.
You headbutt the six-headed hydra!
The six-headed hydra is moderately wounded.
You hack one of the six-headed hydra's heads off!
The five-headed hydra grows two more!
You slash the seven-headed hydra!
The seven-headed hydra is lightly wounded.
The seven-headed hydra bites you. x2; The seven-headed hydra bites you!
The seven-headed hydra bites you but does no damage. x3
You block the seven-headed hydra's attack.
You lop one of the seven-headed hydra's heads off!
The six-headed hydra grows two more!
You hit the eight-headed hydra.
The eight-headed hydra is lightly wounded.
Unknown command.
You completely miss the eight-headed hydra.
The eight-headed hydra is lightly wounded.
The eight-headed hydra bites you but does no damage.
The eight-headed hydra closely misses you. x3
You block the eight-headed hydra's attack.
The eight-headed hydra closely misses you. x2
You block the eight-headed hydra's attack.
You chop one of the eight-headed hydra's heads off!
The seven-headed hydra grows two more!
You hit the nine-headed hydra. You headbutt the nine-headed hydra!
The nine-headed hydra is lightly wounded.
The nine-headed hydra bites you but does no damage. x4
The nine-headed hydra barely misses you.
The nine-headed hydra bites you. x2
You block the nine-headed hydra's attack.
The nine-headed hydra bites you.
You slice one of the nine-headed hydra's heads off!
The eight-headed hydra grows two more!
You slash the ten-headed hydra!
You feel better.
You headbutt the ten-headed hydra!
The ten-headed hydra is moderately wounded.
Unknown command.
You chop one of the ten-headed hydra's heads off!
The nine-headed hydra grows two more!
You hit the 11-headed hydra.
The 11-headed hydra is poisoned.
Your headbutt misses the 11-headed hydra.
The 11-headed hydra is moderately wounded.
The 11-headed hydra bites you but does no damage.
The 11-headed hydra bites you!
The 11-headed hydra closely misses you. x2
The 11-headed hydra barely misses you. The 11-headed hydra closely misses you.
The 11-headed hydra bites you! x2; You block the 11-headed hydra's attack.
The 11-headed hydra bites you but does no damage.
The 11-headed hydra barely misses you.
You hit the 11-headed hydra but do no damage.
Your headbutt misses the 11-headed hydra.
The 11-headed hydra is lightly wounded.
The 11-headed hydra bites you but does no damage. x3
You block the 11-headed hydra's attack. The 11-headed hydra bites you.
The 11-headed hydra closely misses you. The 11-headed hydra bites you. x2
The 11-headed hydra bites you but does no damage.
The 11-headed hydra barely misses you. x2
b - a +2 heavy war axe (weapon)
You chop one of the 11-headed hydra's heads off!
The ten-headed hydra grows two more!
You slash the 12-headed hydra! You headbutt the 12-headed hydra.
The 12-headed hydra is lightly wounded.
The 12-headed hydra barely misses you. You furiously retaliate!
You headbutt the 12-headed hydra. You block the 12-headed hydra's attack.
The 12-headed hydra bites you but does no damage. x4
The 12-headed hydra bites you. The 12-headed hydra barely misses you.
You block the 12-headed hydra's attack.
The 12-headed hydra bites you but does no damage. x2
The 12-headed hydra bites you!
Unknown command.
You slice one of the 12-headed hydra's heads off!
The 11-headed hydra grows two more!
You slice the 13-headed hydra!! You headbutt the 13-headed hydra.
The 13-headed hydra is heavily wounded.
You block the 13-headed hydra's attack. x2; The 13-headed hydra bites you.
The 13-headed hydra completely misses you.
The 13-headed hydra bites you. You block the 13-headed hydra's attack.
The 13-headed hydra closely misses you. x2
The 13-headed hydra barely misses you.
The 13-headed hydra bites you but does no damage. x4
Unknown command.
You hit the 13-headed hydra.
The 13-headed hydra is heavily wounded.
The 13-headed hydra closely misses you.
The 13-headed hydra bites you but does no damage.
The 13-headed hydra completely misses you.
The 13-headed hydra bites you.
The 13-headed hydra bites you but does no damage.
The 13-headed hydra misses you. You block the 13-headed hydra's attack.
The 13-headed hydra bites you but does no damage. x2
The 13-headed hydra bites you! The 13-headed hydra misses you.
The 13-headed hydra bites you but does no damage. x2
Unknown command.
You slice one of the 13-headed hydra's heads off!
The 12-headed hydra grows two more!
You slash the 14-headed hydra!
The 14-headed hydra is heavily wounded.
The 14-headed hydra bites you but does no damage.
The 14-headed hydra closely misses you. The 14-headed hydra misses you.
The 14-headed hydra bites you but does no damage. x2
The 14-headed hydra misses you.
The 14-headed hydra bites you but does no damage.
You block the 14-headed hydra's attack.
The 14-headed hydra bites you but does no damage. x2
The 14-headed hydra closely misses you.
The 14-headed hydra bites you but does no damage.
The 14-headed hydra bites you!
* * * LOW HITPOINT WARNING * * *
The 14-headed hydra bites you.
* * * LOW HITPOINT WARNING * * *
You lop one of the 14-headed hydra's heads off!
The 13-headed hydra grows two more!
You hit the 15-headed hydra. You headbutt the 15-headed hydra.
The 15-headed hydra is heavily wounded.
The 15-headed hydra closely misses you. You furiously retaliate!
You headbutt the 15-headed hydra! The 15-headed hydra closely misses you.
The 15-headed hydra bites you!
* * * LOW HITPOINT WARNING * * *
The 15-headed hydra bites you but does no damage.
The 15-headed hydra misses you. The 15-headed hydra bites you!
* * * LOW HITPOINT WARNING * * *
You block the 15-headed hydra's attack. x2
The 15-headed hydra bites you but does no damage.
The 15-headed hydra misses you. The 15-headed hydra bites you.
* * * LOW HITPOINT WARNING * * *
The 15-headed hydra bites you but does no damage. x2
The 15-headed hydra bites you.
* * * LOW HITPOINT WARNING * * *
The 15-headed hydra bites you but does no damage.
Unknown command.
You barely miss the 15-headed hydra.
You headbutt the 15-headed hydra, but do no damage.
The 15-headed hydra is severely wounded.
The 15-headed hydra bites you.
* * * LOW HITPOINT WARNING * * *
The 15-headed hydra bites you but does no damage. x2
You block the 15-headed hydra's attack.
The 15-headed hydra completely misses you.
You block the 15-headed hydra's attack.
The 15-headed hydra bites you but does no damage. x3
The 15-headed hydra closely misses you.
The 15-headed hydra bites you but does no damage. x2
The 15-headed hydra bites you!
* * * LOW HITPOINT WARNING * * *
The 15-headed hydra bites you!
* * * LOW HITPOINT WARNING * * *
The 15-headed hydra bites you but does no damage.
Unknown command.
Unknown command.
You lop one of the 15-headed hydra's heads off!
The 14-headed hydra grows two more!
You slice the 16-headed hydra!!
Your headbutt misses the 16-headed hydra.
The 16-headed hydra is severely wounded.
The 16-headed hydra bites you but does no damage. x2
The 16-headed hydra closely misses you. The 16-headed hydra barely misses you.
The 16-headed hydra bites you but does no damage.
The 16-headed hydra bites you!
* * * LOW HITPOINT WARNING * * *
The 16-headed hydra bites you but does no damage.
The 16-headed hydra misses you.
The 16-headed hydra bites you but does no damage.
The 16-headed hydra bites you.
* * * LOW HITPOINT WARNING * * *
The 16-headed hydra closely misses you.
The 16-headed hydra bites you but does no damage.
The 16-headed hydra bites you.
You die...

Skill      XL: |  1  2  3  4  5  6  7  8  9 10 11 12 13 14 |
---------------+-------------------------------------------+-----
Axes           | 4 5 6 8 9 12 14 15 16 | 16.0
Fighting       | 4 5 6 7 9 10 11 12 14 15 | 15.2
Shields        | 3 5 8 10 | 10.4
Armour         | 4 5 8 10 | 10.0
Dodging        | 3 6 9 10 | 10.3
Evocations     | 2 5 7 9 10 | 10.8

Action                     |  1- 3 |  4- 6 |  7- 9 | 10-12 | 13-15 || total
---------------------------+-------+-------+-------+-------+-------++-------
  Melee: Hand axe          |    69 |   103 |   339 |   552 |   631 ||  1694
         Headbutt          |     9 |    17 |    59 |   149 |   227 ||   461
         Unarmed           |       |     6 |       |       |       ||     6
         Punch             |       |     1 |     5 |     1 |       ||     7
         War axe           |       |       |       |       |   104 ||   104
  Throw: Dart              |       |       |    10 |    29 |     1 ||    40
  Evoke: Wand              |       |       |    21 |    23 |     2 ||    46
         Lightning rod     |       |       |       |       |     5 ||     5
         Phantom mirror    |       |       |       |       |     2 ||     2
         Box of beasts     |       |       |       |       |     1 ||     1
         Phial of floods   |       |       |       |       |     1 ||     1
    Use: Potion            |       |     2 |     2 |       |     2 ||     6
         Scroll            |       |       |       |     7 |     4 ||    11
   Stab: Petrifying        |       |       |     1 |       |       ||     1
         Paralysed         |       |       |       |    26 |     4 ||    30
         Confused          |       |       |       |     7 |    12 ||    19
         Distracted        |       |       |       |     1 |     2 ||     3
 Armour: Leather armour    |    42 |    67 |   236 |    25 |       ||   370
         Skin              |       |     8 |       |       |       ||     8
         Ring mail         |       |       |       |   237 |    38 ||   275
         Scale mail        |       |       |       |       |   501 ||   501
  Dodge: Dodged            |    48 |    57 |   222 |   211 |   394 ||   932
  Block: Buckler           |       |       |       |    60 |   187 ||   247

Levels and vault maps discovered:
D:1:      orjb1_lava_funnel, layout_basic, serial_shops,
          nicolae_shop_temple_entry_statues_fountains
D:2:      layout_basic, kennysheep_generic_room_10, uniq_natasha
D:3:      layout_basic, mainiacjoe_overflow_catwalk, grunt_temple_overflow_open,
          shapermc_ecumenical_altar_flowoftime, serial_corexii_hall,
          chequers_hall_statues_corner_a, corexii_hall_statues_t,
          chequers_hall_statues_corner_a, chequers_hall_statues_corner_a,
          ebering_ghost_gozag, uniq_ijyb
D:4:      layout_rooms
D:5:      minmay_skewed_foursquare, layout_basic, overflow_temple_1_default,
          mainiacjoe_overflow_24_doors, cheibrodos_sewer_entry_drain,
          serial_shops, nicolae_stop_n_shop_1, palyth_stone_intersect
D:6:      layout_basic, mainiacjoe_overflow_surrounded_room
D:7:      layout_basic, minmay_temple_entry_offerings
D:8:      statuecave_lemuel, layout_rooms, dpeg_oklobed_lair
D:9:      layout_basic, minmay_liquid_box, uniq_amaemon, uniq_pikel
D:10:     layout_roguey, grunt_temple_overflow_opulence, nicolae_island_escapes,
          uniq_lodul, uniq_harold
D:11:     minmay_the_grid_four_pointed_star
          [minmay_the_grid_triangle_9x9_impossible_snake,
          minmay_the_grid_triangle_9x9_semitri,
          minmay_the_grid_triangle_9x9_stretched_checkered,
          minmay_the_grid_triangle_9x9_checkered,
          minmay_the_grid_prize_diamond_cup], layout_loops_ring,
          minmay_orc_entry_temple_small
D:12:     layout_irregular_city, serial_undead, serial_undead_b,
          serial_undead_d, serial_undead_b, serial_undead_f, serial_undead_d,
          serial_undead_d
Lair:1:   layout_small_grid, dreamdust_gnoll_shepherd, lemuel_fruit_tree,
          grunt_megastairs_5, infiniplex_staircase_pool_2, uniq_urug, uniq_grum,
          uniq_jeremiah
Lair:2:   mu_elephants_graveyard, layout_chaotic_city, grunt_forest_stairs_basic
Lair:3:   nzn_winding_woodlands_stair_trap
          [nzn_winding_woodlands_5x15_pathside_ponds,
          nzn_winding_woodlands_5x15_garden,
          nzn_winding_woodlands_5x15_river_crossing,
          nzn_winding_woodlands_15x15_killbox, nzn_winding_woodlands_5x15_eye,
          nzn_winding_woodlands_5x15_jagged,
          nzn_winding_woodlands_5x15_sidewinder], layout_long_grid,
          minmay_shoals_entry_beasts, spider_nest_entry_funnel_web
Lair:4:   dreamdust_labyrinth, layout_regular_city, ebering_ghost_rock_garden,
          grunt_megastairs_3

Notes
Turn   | Place    | Note
-------+----------+-------------------------------------------
     0 | D:1      | scionoferis the Minotaur Chaos Knight began the quest for
                  | the Orb.
     0 | D:1      | Reached XP level 1. HP: 19/19 MP: 0/0
    64 | D:1      | Reached skill level 4 in Axes
    67 | D:1      | Reached XP level 2. HP: 25/27 MP: 1/1
   142 | D:1      | Reached skill level 4 in Fighting
   153 | D:1      | Found Buqu Midu's General Store.
   386 | D:1      | Reached XP level 3. HP: 27/33 MP: 2/2
   724 | D:2      | Noticed Natasha
   724 | D:2      | XOM: noise
   735 | D:2      | HP: 3/33 [cerulean imp/+0 spear[Natasha] (3)]
   736 | D:2      | HP: 1/33 [cerulean imp/+1 spear[Natasha] (3)]
   737 | D:2      | Killed Natasha
   738 | D:2      | Reached skill level 5 in Axes
  1120 | D:2      | Noticed Natasha
  1127 | D:2      | Killed Natasha
  1128 | D:2      | Reached XP level 4. HP: 34/41 MP: 3/3
  1503 | D:2      | Noticed Natasha
  1508 | D:2      | Killed Natasha
  1616 | D:3      | Found a runed translucent gate.
  1617 | D:3      | Found a runed translucent gate.
  1618 | D:3      | Found a runed translucent gate.
  1619 | D:3      | Found an opulent altar of Gozag.
  1624 | D:3      | Reached skill level 5 in Fighting
  1624 | D:3      | Reached skill level 6 in Axes
  1624 | D:3      | Reached XP level 5. HP: 48/48 MP: 4/4
  1625 | D:3      | Noticed Darius099's ghost (amateur MiFi)
  1929 | D:3      | Noticed Ijyb
  1944 | D:3      | Killed Ijyb
  2042 | D:3      | Found a broken altar of Ashenzari.
  2043 | D:3      | Found a shadowy altar of Dithmenos.
  2043 | D:3      | Found a snail-covered altar of Cheibriados.
  2043 | D:3      | Found a sacrificial altar of Ru.
  2045 | D:3      | Found a burning altar of Makhleb.
  2045 | D:3      | Found an ancient bone altar of Kikubaaqudgha.
  2048 | D:3      | Found a stormy altar of Qazlal.
  2106 | D:3      | Found a shimmering blue altar of Sif Muna.
  2136 | D:3      | Found a faded altar of an unknown god.
  2756 | D:4      | Reached XP level 6. HP: 56/56 MP: 5/5
  2776 | D:4      | XOM: divination: detect creatures
  2782 | D:4      | Reached skill level 7 in Axes
  2786 | D:4      | XOM: divination: detect items
  2797 | D:4      | Noticed an ice beast
  2812 | D:4      | Killed an ice beast
  2813 | D:4      | Reached skill level 6 in Fighting
  3165 | D:5      | Entered Level 5 of the Dungeon
  3165 | D:5      | Found Matteusk's Antique Weapon Emporium.
  3168 | D:5      | Bought an ebony hand axe for 192 gold pieces
  3168 | D:5      | Identified the +1 hand axe of Contradiction {drain,
                  | *Corrode rF+ rN+} (You bought it in a shop on level 5 of
                  | the Dungeon)
  3183 | D:5      | Reached skill level 8 in Axes
  3200 | D:5      | XOM: stat loss: -1 Dex (11/12)
  3202 | D:5      | Reached XP level 7. HP: 58/63 MP: 6/6
  3245 | D:5      | XOM: enchant monster (bad)
  3254 | D:5      | XOM: summons 4 hostile demons
  3269 | D:5      | XOM: blink monster(s)
  3272 | D:5      | HP: 5/64 [ufetubus[Xom] (4)]
  3304 | D:5      | Found a bloodstained altar of Trog.
  3325 | D:5      | Found an ornate altar of the Wu Jian Council.
  3363 | D:5      | Found a glowing drain.
  3372 | Sewer    | Entered a sewer
  3576 | D:5      | XOM: stat loss: -1 Str (15/16)
  3597 | D:5      | XOM: stat loss: -1 Int (8/9)
  3602 | D:5      | Reached skill level 7 in Fighting
  3602 | D:5      | Reached skill level 9 in Axes
  3786 | D:5      | XOM: draining
  3821 | D:5      | XOM: divination: magic mapping
  3823 | D:5      | Reached XP level 8. HP: 68/71 MP: 7/7
  3836 | D:5      | Reached skill level 10 in Axes
  4271 | D:6      | XOM: give mutations
  4271 | D:6      | Gained mutation: You are somewhat resistant to further
                  | mutation. [Xom's grace]
  4271 | D:6      | Gained mutation: Your muscles are strong. (Str +4, Int/Dex
                  | -1) [Xom's grace]
  4282 | D:6      | XOM: divine lightning
  4336 | D:6      | XOM: 4-stop teleportation journey
  4341 | D:6      | Reached skill level 8 in Fighting
  4343 | D:6      | XOM: swap monsters
  4343 | D:6      | XOM: smoke on damage
  4356 | D:6      | Reached skill level 11 in Axes
  4474 | D:6      | XOM: silly message
  4580 | D:6      | Found a glowing silver altar of Zin.
  4662 | D:6      | XOM: divination: detect creatures
  4663 | D:6      | XOM: confusion
  4711 | D:6      | XOM: summons 4 hostile demons
  5361 | D:6      | XOM: give mutations
  5361 | D:6      | Gained mutation: You sometimes lose your temper in combat.
                  | [Xom's mischief]
  5361 | D:6      | Lost mutation: You are somewhat resistant to further
                  | mutation. [Xom's mischief]
  5755 | D:7      | Noticed a two-headed ogre
  5761 | D:7      | Killed a two-headed ogre
  5761 | D:7      | XOM: divine lightning
  5762 | D:7      | Reached skill level 9 in Fighting
  5762 | D:7      | Reached skill level 12 in Axes
  5762 | D:7      | Reached XP level 9. HP: 54/83 MP: 8/8
  5795 | D:7      | XOM: summons 5 hostile demons
  5912 | D:7      | XOM: 4-stop teleportation journey
  5997 | D:7      | XOM: give mutation
  5997 | D:7      | Gained mutation: Potions are less effective at restoring
                  | your health. [Xom's mischief]
  6218 | D:7      | Reached skill level 13 in Axes
  6239 | D:7      | Reached skill level 10 in Fighting
  6522 | D:7      | XOM: give mutations
  6522 | D:7      | Lost mutation: Your muscles are strong. (Str +4, Int/Dex
                  | -1) [Xom's mischief]
  6522 | D:7      | Gained mutation: You are vulnerable to heat. (rF-) [Xom's
                  | mischief]
  6522 | D:7      | Gained mutation: You occasionally lose the ability to read
                  | scrolls when taking damage. [Xom's mischief]
  6572 | D:7      | XOM: stat loss: -1 Str (16/17)
  6584 | D:7      | Found a staircase to the Ecumenical Temple.
  6597 | D:7      | XOM: noise
  6645 | D:7      | XOM: summons 4 hostile demons
  6905 | D:8      | Paralysed by a hornet for 1 turns
  6907 | D:8      | XOM: 1-stop teleportation journey
  7043 | D:8      | XOM: divination: detect creatures
  7176 | D:8      | XOM: god gift: trident {god gift}
  7226 | D:8      | XOM: divination: magic mapping
  7227 | D:8      | Reached skill level 14 in Axes
  7232 | D:8      | XOM: smoke on damage
  7440 | D:8      | Found a staircase to the Lair.
  7674 | D:8      | XOM: silly message
  7744 | D:9      | Reached XP level 10. HP: 94/94 MP: 9/9
  7804 | D:9      | XOM: summons 1 hostile demon
  7816 | D:9      | Noticed Pikel
  7822 | D:9      | XOM: divination: detect creatures
  7824 | D:9      | XOM: cast spell 'Disjunction'
  7832 | D:9      | Killed Pikel
  7833 | D:9      | Reached skill level 1 in Shields
  7837 | D:9      | Noticed a two-headed ogre
  7843 | D:9      | Killed a two-headed ogre
  7844 | D:9      | Reached skill level 3 in Armour
  7844 | D:9      | Reached skill level 2 in Dodging
  7844 | D:9      | Reached skill level 1 in Evocations
  7891 | D:9      | Noticed Amaemon
  7891 | D:9      | Noticed an orange demon
  7902 | D:9      | XOM: god gift: 3 stones
  7903 | D:9      | Killed Amaemon
  7904 | D:9      | Reached skill level 11 in Fighting
  7904 | D:9      | Reached skill level 2 in Shields
  7906 | D:9      | Killed an orange demon
  7975 | D:9      | Noticed a two-headed ogre
  7986 | D:9      | XOM: summons friendly shadow imp
  7997 | D:9      | Killed a two-headed ogre
  7998 | D:9      | Reached skill level 4 in Armour
  7998 | D:9      | Reached skill level 3 in Dodging
  7998 | D:9      | Reached skill level 3 in Shields
  7998 | D:9      | Reached skill level 2 in Evocations
  8206 | D:9      | Reached skill level 15 in Axes
  8434 | D:10     | Entered Level 10 of the Dungeon
  8469 | D:10     | XOM: give mutations
  8469 | D:10     | Gained mutation: Your mind is acute. (Int +4, Str/Dex -1)
                  | [Xom's grace]
  8469 | D:10     | Gained mutation: You have sharp toenails. [Xom's grace]
  8718 | D:10     | Reached XP level 11. HP: 102/102 MP: 10/10
  8735 | D:10     | Reached skill level 5 in Armour
  8799 | D:10     | XOM: give mutation
  8799 | D:10     | Gained mutation: You passively map a small area around you.
                  | [Xom's grace]
  8829 | D:10     | Reached skill level 4 in Shields
  8829 | D:10     | Noticed Lodul
  8831 | D:10     | Reached skill level 3 in Evocations
  8835 | D:10     | XOM: summons 3 friendly demons
  8837 | D:10     | Reached skill level 4 in Dodging
  8837 | D:10     | Killed Lodul
  8862 | D:10     | XOM: scenery: summon butterflies
  8866 | D:10     | XOM: scenery: 1 doors close
  8931 | D:10     | Noticed Harold
  8944 | D:10     | XOM: divination: detect items
  8949 | D:10     | Killed Harold
  9098 | D:10     | Found an opulent altar of Gozag.
  9099 | D:10     | Found a sparkling altar of Nemelex Xobeh.
  9122 | D:10     | Found Idghethrul's Island Escapes.
  9591 | D:1      | Bought a scarf of resistance for 416 gold pieces
  9591 | D:1      | Bought a scroll of amnesia for 52 gold pieces
  9605 | D:1      | Bought a ring of flight for 227 gold pieces
  9658 | D:2      | XOM: scenery: summon butterflies
  9680 | D:3      | Killed Darius099's ghost
  9842 | D:8      | XOM: give mutation
  9842 | D:8      | Lost mutation: You passively map a small area around you.
                  | [Xom's mischief]
  9891 | D:8      | XOM: enchant monster (good)
  9914 | D:8      | Identified the ring of Bopta {rPois Will+ rCorr SInv}
 10080 | D:10     | Bought a potion of enlightenment for 75 gold pieces
 10080 | D:10     | Bought a scroll of teleportation for 45 gold pieces
 10164 | D:11     | XOM: scenery: create altars
 10166 | D:11     | XOM: blink monster(s)
 10230 | D:11     | Reached skill level 5 in Shields
 10250 | D:11     | XOM: god gift: 6 darts of dispersal
 10324 | D:11     | XOM: god gift: 2 potions of heal wounds
 10437 | D:11     | Found a staircase to the Orcish Mines.
 10446 | D:11     | Reached skill level 12 in Fighting
 10463 | D:11     | XOM: cleaving
 10471 | D:11     | Reached skill level 16 in Axes
 10471 | D:11     | Reached skill level 5 in Dodging
 10517 | D:11     | XOM: cloud trail
 10528 | D:11     | Noticed a wolf spider
 10532 | D:11     | Killed a wolf spider
 10533 | D:11     | Reached skill level 4 in Evocations
 10586 | D:11     | Noticed a flayed ghost
 10593 | D:11     | Killed a flayed ghost
 10608 | D:11     | Noticed an ettin
 10616 | D:11     | Killed an ettin
 10633 | D:11     | Identified the +0 scale mail of Sin {Fly Regen+ Int+3}
 10643 | D:11     | Noticed a two-headed ogre
 10672 | D:11     | Reached skill level 6 in Dodging
 10726 | D:11     | Killed a two-headed ogre
 10727 | D:11     | Reached skill level 5 in Evocations
 10743 | D:11     | Identified the +7 long sword "Goareg Gogif" {flame, Will+
                  | rCorr} (Xom gifted it to you on level 11 of the Dungeon)
 10743 | D:11     | XOM: god gift: +7 long sword "Goareg Gogif" {flame, Will+
                  | rCorr}
 10762 | D:11     | Noticed a two-headed ogre
 10763 | D:11     | XOM: god gift: scroll of vulnerability
 10773 | D:11     | Killed a two-headed ogre
 10774 | D:11     | Reached XP level 12. HP: 85/113 MP: 11/11
 10842 | D:11     | XOM: god gift: book of Misfortune
 11092 | D:11     | XOM: repel stairs
 11100 | D:11     | Reached skill level 13 in Fighting
 11137 | D:11     | Reached skill level 7 in Dodging
 11177 | D:11     | XOM: 2-stop teleportation journey
 11185 | D:11     | XOM: give mutations
 11185 | D:11     | Gained mutation: You occasionally shout uncontrollably at
                  | your foes. [Xom's mischief]
 11185 | D:11     | Lost mutation: Potions are less effective at restoring your
                  | health. [Xom's mischief]
 11369 | D:11     | XOM: fog
 11401 | D:11     | XOM: summons 2 friendly demons
 11527 | D:12     | XOM: noise
 11550 | D:12     | XOM: potion effect (curing)
 11565 | D:12     | Reached skill level 6 in Evocations
 11730 | D:12     | XOM: divination: detect items
 11853 | D:12     | XOM: potion effect (attraction)
 11856 | D:12     | XOM: potion effect (curing)
 11868 | D:12     | Reached skill level 8 in Dodging
 12003 | D:12     | XOM: divination: detect items
 12006 | D:12     | XOM: 2-stop teleportation journey
 12192 | D:12     | XOM: god gift: wand of iceblast (4)
 12238 | D:12     | XOM: confusion (+ monsters)
 12252 | D:12     | XOM: confusion (+ monsters)
 12257 | D:12     | Reached skill level 14 in Fighting
 12333 | D:12     | XOM: cloud trail
 12355 | D:12     | Reached skill level 7 in Evocations
 12435 | D:12     | Noticed a two-headed ogre
 12442 | D:12     | XOM: divine lightning
 12465 | D:12     | Killed a two-headed ogre
 12467 | D:12     | XOM: cleaving
 12513 | D:12     | Reached skill level 9 in Dodging
 12734 | D:12     | Identified 4 potions of resistance
 12986 | Lair:1   | Entered Level 1 of the Lair of Beasts
 12986 | Lair:1   | Noticed Grum
 13011 | Lair:1   | Killed Grum
 13131 | Lair:1   | XOM: confuse monster(s)
 13172 | Lair:1   | XOM: 4-stop teleportation journey
 13241 | Lair:1   | XOM: scenery: create altars
 13328 | Lair:1   | Noticed Urug
 13328 | Lair:1   | Noticed Jeremiah
 13362 | Lair:1   | Killed Urug
 13363 | Lair:1   | Reached XP level 13. HP: 51/119 MP: 12/12
 13366 | Lair:1   | Killed Jeremiah
 13421 | Lair:1   | XOM: give mutation
 13421 | Lair:1   | Gained mutation: Your flesh is cold resistant. (rC+) [Xom's
                  | grace]
 13553 | Lair:1   | XOM: 3-stop teleportation journey
 13630 | Lair:1   | XOM: cast spell 'Discord'
 13653 | Lair:1   | XOM: god gift: scroll of fear
 13756 | Lair:1   | XOM: fog
 13767 | Lair:1   | Reached skill level 8 in Evocations
 13879 | Lair:1   | XOM: god gift: lajatang {god gift}
 14691 | Lair:2   | Reached skill level 15 in Fighting
 14692 | Lair:2   | XOM: fog
 14708 | Lair:2   | Reached skill level 10 in Dodging
 14709 | Lair:2   | XOM: confuse monster(s)
 14722 | Lair:2   | XOM: 2-stop teleportation journey
 14731 | Lair:2   | XOM: cast spell 'Chain of Chaos'
 14849 | Lair:2   | XOM: summons 3 friendly demons
 14867 | Lair:2   | Reached skill level 6 in Armour
 14867 | Lair:2   | Reached skill level 6 in Shields
 14914 | Lair:2   | XOM: swap monsters
 14925 | Lair:2   | XOM: summons 3 friendly demons
 14951 | Lair:2   | Identified 2 scrolls of acquirement
 14972 | Lair:2   | Noticed a dire elephant
 14990 | Lair:2   | XOM: enchant monster (good)
 14994 | Lair:2   | XOM: summons 2 friendly demons
 15021 | Lair:2   | Killed a dire elephant
 15021 | Lair:2   | XOM: summons 3 friendly demons
 15024 | Lair:2   | XOM: confusion (+ monsters)
 15025 | Lair:2   | XOM: cast spell 'Summon Horrible Things'
 15034 | Lair:2   | Reached skill level 9 in Evocations
 15041 | Lair:2   | Reached skill level 7 in Armour
 15041 | Lair:2   | Reached skill level 7 in Shields
 15055 | Lair:2   | XOM: polymorph large abomination -> large abomination
 15171 | Lair:2   | XOM: silly message
 15184 | Lair:2   | XOM: divine lightning
 15334 | Lair:2   | XOM: smoke on damage
 15371 | Lair:2   | XOM: give mutations
 15371 | Lair:2   | Gained mutation: You are partially covered in iridescent
                  | scales. (AC +2) [Xom's grace]
 15371 | Lair:2   | Lost mutation: You sometimes lose your temper in combat.
                  | [Xom's grace]
 15371 | Lair:2   | Gained mutation: You are robust. (+10% HP) [Xom's grace]
 15577 | Lair:2   | XOM: summons 2 hostile shadow creatures
 15589 | Lair:2   | Reached skill level 8 in Armour
 15607 | Lair:2   | XOM: summons friendly quasit
 15620 | Lair:2   | Reached skill level 8 in Shields
 15758 | Lair:3   | XOM: cast spell 'Olgreb's Toxic Radiance'
 15792 | Lair:3   | XOM: snakes to sticks
 15820 | Lair:3   | XOM: confusion
 15933 | Lair:3   | XOM: silly message
 15942 | Lair:3   | XOM: swap monsters
 15991 | Lair:3   | XOM: stat loss: -1 Dex (12/13)
 15995 | Lair:3   | Reached XP level 14. HP: 131/148 MP: 11/13
 16053 | Lair:3   | XOM: summons 5 friendly demons
 16082 | Lair:3   | XOM: snakes to sticks
 16095 | Lair:3   | Reached skill level 9 in Armour
 16099 | Lair:3   | Reached skill level 10 in Evocations
 16106 | Lair:3   | Reached skill level 9 in Shields
 16260 | Lair:3   | XOM: fog
 16261 | Lair:3   | XOM: polymorph black mamba -> rime drake
 16369 | Lair:3   | Found a staircase to the Shoals.
 16443 | Lair:3   | XOM: cleaving
 16457 | Lair:3   | XOM: potion effect (might)
 16465 | Lair:3   | Found a hole to the Spider Nest.
 16512 | Lair:3   | XOM: divination: detect items
 16528 | Lair:3   | XOM: summons 5 friendly demons
 16721 | Lair:3   | XOM: snakes to sticks
 16804 | Lair:3   | XOM: polymorph bullfrog -> naga
 17188 | Lair:4   | XOM: potion effect (might)
 17245 | Lair:4   | XOM: noise
 17253 | Lair:4   | XOM: potion effect (brilliance)
 17255 | Lair:4   | Reached skill level 10 in Armour
 17273 | Lair:4   | Reached skill level 10 in Shields
 17276 | Lair:4   | XOM: noise
 17290 | Lair:4   | XOM: potion effect (berserk rage)
 17292 | Lair:4   | XOM: cast spell 'Olgreb's Toxic Radiance'
 17390 | Lair:4   | Identified the +0 leather armour "Inugheus" {Harm Int+3
                  | Dex+3 Slay+2}
 17417 | Lair:4   | XOM: noise
 17683 | Lair:4   | XOM: summons 1 hostile demon
 17763 | Lair:4   | HP: 7/148 [16-headed hydra (12)]
 17763 | Lair:4   | Slain by a 16-headed hydra

Vanquished Creatures
  A dire elephant (Lair:2)
  An ettin (D:11)
  Harold (D:10)
  4 two-headed ogres (D:9 D:11 D:12)
  A catoblepas (Lair:4)
  Urug (Lair:1)
  Amaemon (D:9)
  3 skysharks (Lair:2 Lair:3 Lair:4)
  Lodul (D:10)
  A flayed ghost (D:11)
  2 ugly things (D:11 D:12)
  A wolf spider (D:11)
  3 manticores (D:11 Lair:3)
  2 cyclopes (D:11 D:12)
  4 centaur zombies (D:12)
  24 elephants (Lair:2 Lair:4)
  8 black mambas (Lair:1 Lair:2 Lair:3 Lair:4)
  5 cane toads (Lair:1 Lair:2 Lair:3 Lair:4)
  3 gargoyles (D:11 D:12)
  An ice statue (D:8)
  An orange demon (D:9)
  Jeremiah (Lair:1)
  An unseen horror (D:11)
  2 rime drakes (Lair:3)
  6 komodo dragons (Lair:2 Lair:3 Lair:4)
  A hornet (D:8)
  A wind drake (Lair:3)
  4 trolls (D:9 D:10 D:11 D:12)
  2 polar bears (Lair:3)
  18 blink frogs (Lair:2 Lair:3 Lair:4)
  3 dream sheep (Lair:1)
  A meliai zombie (D:12)
  A culicivora (Lair:3)
  A spriggan (Lair:2)
  2 jumping spiders (Lair:3)
  5 vampires (D:12)
  3 wraiths (D:11 D:12)
  6 wyverns (D:7 D:8 Lair:2 Lair:3)
  8 shadows (D:9 D:11 D:12)
  34 yaks (D:10 D:11 Lair:1 Lair:3 Lair:4)
  5 basilisks (D:11 Lair:1 Lair:2 Lair:3)
  8 vampire mosquitoes (D:10 D:12)
  Grum (Lair:1)
  2 steam dragons (D:7 D:9)
  A naga (Lair:3)
  4 acid dragons (D:10 D:11)
  7 water moccasins (Lair:1 Lair:3 Lair:4)
  5 orc warriors (D:11)
  2 sky beasts (D:7 D:8)
  The ghost of Darius099 the Chopper, an amateur MiFi (D:3)
  4 black bears (D:5 D:7 Lair:2)
  10 ogres (D:5 D:6 D:10)
  2 ice beasts (D:4 D:6)
  A phantom (D:5)
  28 wolves (Lair:1 Lair:3 Lair:4)
  A lemure (D:9)
  8 centaurs (D:6 D:7 D:9 D:12)
  A kobold brigand (D:8)
  19 bullfrogs (D:6 D:7 D:9 Lair:1 Lair:2)
  A scorpion (D:7)
  10 wights (D:6 D:7)
  6 killer bees (D:5 D:7)
  2 electric eels (D:8)
  4 howler monkeys (D:4 D:11 D:12)
  A jelly (D:5)
  3 hounds (D:4 D:5)
  5 orc priests (D:7 D:10 D:11)
  2 gnoll boudas (D:6 Lair:1)
  2 sleepcaps (D:5)
  Ijyb (D:3)
  Natasha (thrice) (D:2)
  4 iguanas (D:4 D:5 D:7)
  5 orc wizards (D:3 D:4 D:10 D:11)
  A hell rat (Sewer)
  7 gnolls (D:5 D:6)
  7 adders (D:2 D:3 D:5)
  2 river rats (Sewer)
  A shadow imp (D:5)
  5 ufetubi (D:5 D:6)
  2 dart slugs (D:1 D:2)
  31 orcs (D:3 D:4 D:5 D:7 D:10)
  8 ball pythons (D:1 D:2 D:3 D:5)
  5 endoplasms (D:1 D:2 D:4)
  7 giant cockroaches (D:1 D:2 D:3 D:4 D:5)
  4 goblins (D:1 D:2 D:4)
  8 hobgoblins (D:1 D:2 D:3)
  6 jackals (D:1 D:5)
  5 quokkas (D:1 D:3 D:4)
  6 bats (D:1 D:2 D:3)
  3 frilled lizards (D:2 D:3)
  8 kobolds (D:2 D:3 D:8)
  4 rats (D:1 Sewer)
448 creatures vanquished.

Vanquished Creatures (collateral kills)
  3 hydras (Lair:2 Lair:3)
  A two-headed ogre (D:9)
  Pikel (D:9)
  2 elephants (Lair:2)
  A cane toad (Lair:3)
  A komodo dragon (Lair:3)
  A dream sheep (Lair:3)
  A yak (Lair:3)
  2 water moccasins (Lair:2)
13 creatures vanquished.

Vanquished Creatures (others)
  A dancing weapon (D:12)
  A two-headed ogre (D:7)
  An elephant (Lair:2)
  A shadow (D:12)
  A centaur (D:6)
  A howler monkey (D:12)
6 creatures vanquished.

Grand Total: 467 creatures vanquished

Table legend: (Time is in decaauts)
 A = Elapsed time spent in this place.
 B = Non-inter-level travel time spent in this place.
 C = Inter-level travel time spent in this place.
 D = Time resting spent in this place.
 E = Time spent auto-exploring this place.
 F = Levels seen in this place.
 G = Mean time per level.
                   A        B        C        D        E       F      G
               +--------+--------+--------+--------+--------+-----+--------+
         Total |  17495 |  16389 |   1106 |    583 |  12274 |  17 | 1029.1 |
       Dungeon |  12808 |  11905 |    903 |    450 |   9138 |  12 | 1067.3 |
          Lair |   4597 |   4394 |    203 |    132 |   3135 |   4 | 1149.2 |
         Sewer |     89 |     89 |      0 |      0 |      0 |   1 |   89.0 |
               +--------+--------+--------+--------+--------+-----+--------+

Top non-repeatable levels by time:
  Lair:1: 1708 daAuts
     D:6: 1612 daAuts
  Lair:3: 1396 daAuts
    D:11: 1369 daAuts
     D:7: 1260 daAuts
    D:12: 1231 daAuts
    D:10: 1174 daAuts
     D:3: 1140 daAuts
     D:2: 1027 daAuts
     D:8: 1023 daAuts
  Lair:2: 977 daAuts
     D:5: 924 daAuts
     D:9: 807 daAuts
     D:1: 737 daAuts
  Lair:4: 514 daAuts

Table legend:
 A = Non-vault XP
 B = Vault XP
 C = Vault XP percentage of total XP
 D = Non-vault monster count
 E = Vault monster count
 F = Vault count percentage of total count
                 A         B        C        D         E       F
            +---------+---------+-------+---------+---------+-------
      Total |   43487 |   43357 |  49.9 |     305 |     162 |  34.7
            +---------+---------+-------+---------+---------+-------
        D:1 |      43 |       0 |   0.0 |      23 |       0 |   0.0
        D:2 |     106 |      35 |  24.8 |      14 |       1 |   6.7
        D:3 |     110 |     175 |  61.4 |      26 |       4 |  13.3
        D:4 |     311 |       0 |   0.0 |      16 |       0 |   0.0
        D:5 |     515 |     336 |  39.5 |      21 |       8 |  27.6
        D:6 |     922 |       0 |   0.0 |      16 |       0 |   0.0
        D:7 |    2189 |       0 |   0.0 |      24 |       0 |   0.0
        D:8 |    1060 |     403 |  27.5 |      11 |       1 |   8.3
        D:9 |    2547 |    1814 |  41.6 |       7 |       3 |  30.0
       D:10 |    2125 |    2584 |  54.9 |      20 |      10 |  33.3
       D:11 |    2966 |    6762 |  69.5 |       7 |      28 |  80.0
       D:12 |    4087 |    5042 |  55.2 |      16 |      19 |  54.3
     Lair:1 |    4527 |    4208 |  48.2 |      23 |      21 |  47.7
     Lair:2 |    7088 |    9648 |  57.6 |      24 |      20 |  45.5
     Lair:3 |    5156 |    9694 |  65.3 |      28 |      30 |  51.7
     Lair:4 |    9735 |    2593 |  21.0 |      29 |      11 |  27.5
      Sewer |       0 |      63 | 100.0 |       0 |       6 | 100.0
            +---------+---------+-------+---------+---------+-------
